 Dungeon Crawl Stone Soup version 0.27.0-1-g7a089689b8 (webtiles) character file.

Game seed: 4260216932001231472

9 Thatpatchoflichen the Ogre Mage (level 2, 0/27 HPs)
             Began as an Ogre Hedge Wizard on Aug 7, 2021.
             Slain by a frilled lizard (2 damage)
             ... on level 2 of the Dungeon.
             The game lasted 00:01:18 (489 turns).

Thatpatchoflichen the Ogre Mage (Ogre Hedge Wizard)  Turns: 489, Time: 00:01:19

Health: 0/27       AC:  3    Str: 13    XL:     2   Next: 12%
Magic:  6/6        EV:  9    Int: 15    God:
Gold:   11         SH:  0    Dex:  8    Spells: 7/8 levels left

rFire    . . .     SeeInvis .   a - +0 dagger
rCold    . . .     Faith    .   (no shield)
rNeg     . . .     Spirit   .   b - +0 robe
rPois    .         Reflect  .   c - +0 hat
rElec    .         Harm     .   (no cloak)
rCorr    .         Rampage  .   (gloves unavailable)
Will     .....                  (boots unavailable)
Stlth    +.........             (no amulet)
HPRegen  0.09/turn              (no ring)
MPRegen  0.10/turn              (no ring)

@: no status effects
A: large, unfitting armour, tough skin 1
a: no special abilities


You were on level 2 of the Dungeon.
You visited 1 branch of the dungeon, and saw 2 of its levels.

You collected 11 gold pieces.

Inventory:

Hand Weapons
 a - a +0 dagger (weapon)
Armour
 b - a +0 robe (worn)
 c - a +0 hat (worn)
Jewellery
 d - an amulet of guardian spirit
Scrolls
 e - a scroll of teleportation {unknown}


   Skills:
 + Level 1.2 Fighting
 - Level 2.0 Dodging
 - Level 1.4 Stealth
 + Level 3.9 Spellcasting
 - Level 0.8 Conjurations
 - Level 0.8 Summonings
 - Level 0.8 Translocations


You had 7 spell levels left.
You knew the following spells:

 Your Spells              Type           Power      Damage    Failure   Level
a - Magic Dart            Conj           20%        1d4       13%         1

Your spell library contained the following spells:

 Spells                   Type           Power      Damage    Failure   Level
 Blink                    Tloc           N/A        N/A       19%         2
 Call Imp                 Summ           5%         N/A       19%         2
 Slow                     Hex            2%         N/A       28%         2
 Gell's Gravitas          Tloc           2%         N/A       36%         3
 Lesser Beckoning         Tloc           2%         N/A       36%         3
 Teleport Other           Tloc           5%         N/A       36%         3
 Conjure Flame            Conj/Fire      4%         6-21      43%         3
 Mephitic Cloud           Conj/Pois/Air  3%         N/A       43%         3


Dungeon Overview and Level Annotations

Branches:
Dungeon (2/15)

Altars:
Ashenzari


Innate Abilities, Weirdness & Mutations

You are too large for most types of armour.
You have tough skin. (AC +1)


Message History

You hit the goblin but do no damage.
The goblin is moderately wounded.
The ball python bites you but does no damage.
The goblin barely misses you.
You closely miss the goblin.
The goblin is moderately wounded.
The ball python bites you. The goblin hits you but does no damage.
The ball python closely misses you.
You hit the goblin but do no damage.
The goblin is moderately wounded.
The goblin hits you with a +0 dagger. The ball python bites you.
You closely miss the goblin.
The goblin is moderately wounded.
The goblin closely misses you. The ball python closely misses you.
You barely miss the ball python. The ball python barely misses you.
The goblin hits you with a +0 dagger.
* * * LOW HITPOINT WARNING * * *
You hit the ball python but do no damage.
The ball python bites you.
* * * LOW HITPOINT WARNING * * *
The goblin misses you.
You hit the ball python.
The ball python is severely wounded.
The ball python bites you.
* * * LOW HITPOINT WARNING * * *
The goblin hits you with a +0 dagger.
* * * LOW HITPOINT WARNING * * *
The ball python barely misses you.
You open the door. The goblin hits you but does no damage.
The ball python bites you.
* * * LOW HITPOINT WARNING * * *
The goblin hits you with a +0 dagger.
* * * LOW HITPOINT WARNING * * *
There is a stone staircase leading down here.
The ball python bites you but does no damage.
The goblin barely misses you.
You climb downwards.
The frilled lizard bites you but does no damage.
The frilled lizard bites you.
You die...

#.#. ... #.#.. .. #.#.#
.. ##...# .# .
#....####.###..
###....#.........
##......g@........
..####........Sl.......
.......................
###...<............._
#...#.#...............
#. ........##>........
.....................
$.....................#
.....##....###........#


You could see a goblin, a ball python and a frilled lizard.

Vanquished Creatures
  2 bats
  2 goblins (D:1)
  2 hobgoblins (D:1)
  A kobold (D:1)
7 creatures vanquished.

Notes
Turn   | Place    | Note
-------+----------+-------------------------------------------
     0 | D:1      | Thatpatchoflichen the Ogre Hedge Wizard began the quest for
                  | the Orb.
     0 | D:1      | Reached XP level 1. HP: 16/16 MP: 5/5
   350 | D:1      | Reached skill level 1 in Fighting
   350 | D:1      | Reached XP level 2. HP: 22/27 MP: 6/6
   463 | D:2      | Found a broken altar of Ashenzari.
   486 | D:1      | HP: 1/27 [goblin (1)]
   489 | D:2      | Slain by a frilled lizard

Illustrated notes

Levels and vault maps discovered:
D:1:      heliophobic_arrival_ceremonial_halls, layout_basic,
          ebering_ecumenical_altar_hall
D:2:      layout_rooms, basic_altar, minmay_pentomino_s2, uniq_jessica

Skill      XL: |  1 |
---------------+----+-----
Dodging        | 2 |  2.0
Fighting       | 1 |  1.2
Stealth        | |  1.4
Spellcasting   | |  3.9
Conjurations   | |  0.8
Summonings     | |  0.8
Translocations | |  0.8

Action                   || total
-------------------------++-------
Melee: Dagger            ||    41
 Cast: Magic Dart        ||     7
 Stab: Sleeping          ||     1
Armor: Robe              ||    20
Dodge: Dodged            ||    35
